Map: Abyssal Reef LE

Players

Winthrowe - Winner!

  • Race: Protoss Protoss
  • Spawn Location: 5:00

A.I. 1 (Medium)

  • Race: Terran Terran
  • Spawn Location: 11:00

VOD

Have the link to the VOD?

Description

Time

  • Played on: Aug. 16, 2017, 5:31 p.m.
  • Length: 11:28
Show
View Real Time Build Order
Export as new Build Order

Winthrowe Protoss - Winner!

Build Orders: Double Forge 

Get SALT Encoding   

  12  0:06  Probe (Chrono Boost)  
  13  0:17  Pylon  
  13  0:35  Assimilator  
  13  0:44  Forge  
  13  0:47  Forge  
  13  0:51  Probe (Chrono Boost)  
  14  1:02  Assimilator  
  14  1:03  Probe (Chrono Boost)  
  15  1:14  Probe (Chrono Boost)  
  16  1:25  Probe (Chrono Boost)  
  17  1:35  Probe (Chrono Boost)  
  18  1:46  Probe (Chrono Boost)  
  19  1:56  Probe (Chrono Boost)  
  19  2:00  Gateway  
  20  2:03  Gateway  
  20  2:07  Probe (Chrono Boost)  
  21  2:17  Probe (Chrono Boost)  
  21  2:19  Gateway  
  22  2:28  Probe (Chrono Boost)  
  23  2:42  Protoss Ground Weapons Level 1  
  23  2:44  Protoss Ground Armor Level 1  
  23  3:09  Nexus  
  23  3:25  Cybernetics Core  
  23  4:21  Zealot, Probe (Chrono Boost)  
  26  4:32  Probe (Chrono Boost)  
  26  4:36  Protoss Shields Level 1  
  26  4:37  Pylon  
  27  4:42  Probe (Chrono Boost)  
  27  4:44  Pylon  
  28  4:48  Warp Gate  
  28  4:53  Probe (Chrono Boost)  
  29  5:03  Probe (Chrono Boost)  
  30  5:15  Twilight Council  
  30  5:23  Probe (Chrono Boost)  
  31  5:32  Mothership Core (Chrono Boost)  
  31  5:34  Probe (Chrono Boost)  
  34  5:44  Probe (Chrono Boost)  
  35  5:50  Probe (Chrono Boost)  
  35  5:55  Protoss Ground Weapons Level 2, Probe (Chrono Boost)  
  37  6:00  Probe (Chrono Boost)  
  38  6:05  Probe (Chrono Boost)  
  37  6:30  Protoss Ground Armor Level 2  
  37  6:40  Zealot x2 (Chrono Boost)  
  37  6:43  Zealot (Chrono Boost)  
  43  7:05  Zealot x2 (Chrono Boost)  
  49  7:11  Zealot (Chrono Boost)  
  49  7:27  Pylon  
  49  7:28  Zealot (Chrono Boost)  
  49  7:29  Zealot (Chrono Boost)  
  53  7:42  Zealot (Chrono Boost)  
  49  7:52  Zealot x2 (Chrono Boost)  
  55  8:09  Zealot (Chrono Boost)  
  55  8:10  Protoss Shields Level 2  
  55  8:15  Zealot (Chrono Boost)  
  55  8:16  Zealot (Chrono Boost)  
  61  8:36  Zealot (Chrono Boost)  
  61  8:46  Protoss Ground Weapons Level 3  
  61  9:24  Zealot x2 (Chrono Boost)  
  61  9:47  Zealot (Chrono Boost)  
  61  9:53  Zealot (Chrono Boost)  
  61  9:58  Pylon  
  61  9:59  Pylon  
  61  10:01  Pylon  
  61  10:05  Gateway x2  
  61  10:08  Gateway  
  61  10:16  Zealot x2 (Chrono Boost)  
  61  10:20  Zealot (Chrono Boost)  
  67  10:40  Zealot x2 (Chrono Boost)  
  71  10:47  Zealot (Chrono Boost)  
  73  11:04  Zealot x2 (Chrono Boost)  
  79  11:20  Pylon x2  
  79  11:22  Pylon  
Show
View Real Time Build Order
Export as new Build Order

A.I. 1 (Medium) Terran 

Build Orders:  

Get SALT Encoding   

  12  0:00  SCV  
  13  0:13  SCV  
  14  0:18  Supply Depot  
  14  0:25  SCV  
  15  0:40  SCV  
  16  0:43  Barracks  
  16  0:49  Refinery  
  16  0:52  SCV  
  17  1:04  SCV  
  18  1:18  Supply Depot  
  18  1:30  Marine  
  19  1:33  Orbital Command, Barracks  
  19  1:42  Refinery  
  19  1:49  Barracks Tech Lab  
  19  2:07  Marine  
  20  2:14  Supply Depot  
  20  2:22  Marine  
  21  2:36  Marine  
  22  2:48  Supply Depot  
  22  2:50  Marine  
  23  2:56  SCV  
  24  3:05  Marine  
  25  3:08  SCV  
  25  3:10  Engineering Bay  
  26  3:19  Marine  
  27  3:20  SCV  
  28  3:32  SCV  
  28  3:33  Marine  
  30  3:44  SCV  
  30  3:48  Supply Depot  
  31  3:51  Marauder  
  33  3:57  SCV  
  33  4:02  Marine  
  37  4:17  Marauder  
  37  4:38  Marauder  
  39  4:59  Marauder  
  41  6:58  Barracks Tech Lab  
  41  7:00  Factory  
  41  7:02  Factory  
  41  7:05  Supply Depot  
  41  7:06  Missile Turret  
  41  7:07  Missile Turret, Command Center  
  41  7:12  Sensor Tower  
  41  7:14  Barracks  
  41  7:27  Bunker  
  41  7:39  Marine  
  41  7:43  Factory Tech Lab  
  33  7:48  Starport  
  29  7:51  Armory  
  29  7:52  Marine, Factory Tech Lab  
  26  8:02  Barracks Reactor  
  26  8:05  Marine  
  27  8:17  Marine  
  28  8:20  SCV  
  28  8:23  SCV  
  30  8:28  Starport Tech Lab, Refinery  
  30  8:30  Marine  
  30  8:32  Missile Turret, SCV  
  32  8:35  Missile Turret, SCV  
  32  8:36  Refinery  
  33  8:43  Marine  
  33  8:44  SCV  
  33  8:46  Raven  
  33  8:47  SCV  
  37  8:51  Hellion  
  35  8:56  SCV  
  35  8:58  Hellion  
  35  8:59  SCV  
  36  9:08  SCV  
  35  9:11  SCV  
  35  9:12  Hellion  
  35  9:20  SCV, Hellion  
  35  9:26  Marine  
  35  9:29  Raven  
  34  9:32  SCV  
  34  9:37  Missile Turret  
  33  9:39  Marine  
  33  9:44  SCV  
  28  9:49  Hellion  
  25  9:56  Hellion  
  25  9:57  SCV  
  12  10:09  SCV  
  12  10:10  Hellion  
  12  10:14  Command Center  
  12  10:17  Marauder  
  12  10:21  SCV  
  13  10:22  Refinery  
  13  10:30  Marine  
  13  10:33  SCV  
  10  10:43  Marine  
  10  10:45  SCV  
  8  11:08  Marine  
Tags
 
Add a new tag
Caveats
  • Supply blocks, unpowered buildings, or Contaminate may cause inaccurate times.
  • Supply counts are checked every 10 seconds.